 Dungeon Crawl Stone Soup version 0.31-a0-196-g86fe4a5e66 (webtiles) character file.

Game seed: 12638190222987571949

1472 pokeman the Thaumaturge (level 8, 0/45 HPs)
             Began as a Deep Elf Hedge Wizard on June 24, 2023.
             Slain by a sky beast (3 damage)
             ... on level 7 of the Dungeon.
             The game lasted 00:14:17 (7255 turns).

pokeman the Thaumaturge (Deep Elf Hedge Wizard)     Turns: 7255, Time: 00:14:17

Health: 0/45       AC:  3    Str:  7    XL:     8   Next: 49%
Magic:  19/23      EV: 13    Int: 22    God:
Gold:   79         SH:  0    Dex: 14    Spells: 9/26 levels left

rFire   . . .        t - +2 short sword (venom)
rCold   . . .        (no shield)
rNeg    . . .        b - +0 robe
rPois   +            c - +0 hat
rElec   .            (no cloak)
rCorr   .            D - +0 pair of gloves
SInv    .            (no boots)
Will    .....        (no amulet)
Stlth   ++           p - ring of poison resistance
HPRegen 0.27/turn    (no ring)
MPRegen 0.18/turn

%: no passive effects
@: no status effects
A: no striking features
a: no special abilities


You were on level 7 of the Dungeon.
You visited 1 branch of the dungeon, and saw 7 of its levels.

You collected 245 gold pieces.
You spent 166 gold pieces at shops.

Inventory:

Hand Weapons
 t - a +2 short sword of venom (weapon)
 z - a +2 mace of pain
 B - the +7 short sword of Lexoashu {vamp, Str+2}
   (You found it on level 4 of the Dungeon)

   Str:       It affects your strength (+2).
Missiles
 v - 3 throwing nets
Armour
 b - a +0 robe (worn)
 c - a +0 hat (worn)
 l - a +0 buckler
 D - a +0 pair of gloves (worn)
Magical Staves
 y - a staff of cold
Jewellery
 k - a ring of protection from fire
 p - a ring of poison resistance (left hand)
 s - an amulet of guardian spirit
Wands
 a - a wand of acid (14)
Scrolls
 e - 3 scrolls of noise
 f - a scroll of butterflies {unknown}
 h - a scroll of enchant weapon {unknown}
 j - 3 scrolls of identify
 n - a scroll of poison {unknown}
 o - 2 scrolls of fog {unknown}
 q - a scroll of amnesia {unknown}
 r - 2 scrolls of blinking
 w - 4 scrolls of teleportation
 C - a scroll of silence {unknown}
Potions
 d - 2 potions of magic
 g - 4 potions of curing {unknown}
 i - a potion of mutation {unknown}
 m - a potion of lignification {unknown}
 u - 2 potions of attraction {unknown}
 x - 2 potions of ambrosia {unknown}
 A - 4 potions of heal wounds {unknown}


   Skills:
 - Level 2.5 Fighting
 + Level 1.3 Armour
 - Level 3.0 Dodging
 - Level 3.2 Stealth
 - Level 1.2 Shields
 * Level 9.9 Spellcasting
 + Level 5.1 Conjurations
 - Level 1.1 Summonings
 - Level 1.1 Necromancy
 - Level 1.1 Translocations
 - Level 2.0 Ice Magic
 - Level 1.1 Air Magic
 + Level 2.7 Earth Magic
 - Level 1.0 Poison Magic
 - Level 1.0 Evocations


You had 9 spell levels left.
You knew the following spells:

 Your Spells              Type           Power      Damage    Failure   Level
a - Magic Dart            Conj           100%       1d8       1%          1
b - Mephitic Cloud        Conj/Pois/Air  21%        N/A       7%          3
c - Call Imp              Summ           30%        N/A       6%          2
d - Blink                 Tloc           30%        N/A       6%          2
e - Iskenderun's Mystic   Conj/Tloc      24%        2d7       17%         4
f - Lee's Rapid Deconstr  Erth           11%        3d8*      50%         5

Your spell library contained the following spells:

 Spells                   Type           Power      Damage    Failure   Level
 Slow                     Hex            40%        N/A       6%          1
 Cigotuvi's Dreadful Rot  Necr/Pois/Air  30%        N/A       6%          2
 Ensorcelled Hibernation  Hex/Ice        30%        N/A       6%          2
 Vampiric Draining        Necr           15%        2d7       12%         3
 Volatile Blastmotes      Fire/Tloc      26%        2d12      14%         3
 Spider Form              Tmut/Pois      13%        N/A       16%         3
 Confusing Touch          Hex            10%        N/A       19%         3
 Fulminant Prism          Conj/Hex       11%        3d8       22%         4
 Anguish                  Hex/Necr       6%         N/A       43%         4


Dungeon Overview and Level Annotations

Branches:
Dungeon (7/15)
 Temple: D:4-7

Altars:
Dithmenos
Gozag
Hepliaklqana
Kikubaaqudgha
Qazlal
Sif Muna
Wu Jian
Lugonu

Shops:
D:2 *   D:4 (   D:5 [?(

Portals:
Abyss: D:4

Annotations:
D:6 Teleport scroll behind rock, 3 runed translucent doors, knightboat's ghost, novice TeAE; liarliar's ghost, novice AtWn


Message History

The sky beast appears confused.
Unknown command.
Found a scroll of teleportation.
The sky beast flickers out of sight!
Deactivating autopickup; reactivate with Ctrl-A.
Something hits you. Something shocks you.
Found a stone staircase leading down.
You see here a scroll of teleportation.
w - 4 scrolls of teleportation (gained 1)
Something hits you. Something shocks you. Something hits you.
Something shocks you. Something hits you. Something shocks you.
Something hits you but does no damage. Something hits you.
Something shocks you.
* * * LOW HITPOINT WARNING * * *
A sky beast appears from thin air!
Reactivating autopickup.
The sky beast attacks as you move away!
The sky beast hits you but does no damage.
There is a stone staircase leading up here.
Casting: Mephitic Cloud (dangerous; 7% risk of failure)
Confirm with . or Enter, or press ? or * to list all spells.
Aiming: Mephitic Cloud (dangerous; 7% risk of failure)
Press: ? - help, Shift-Dir - straight line, f/p - sky beast
Aim: a sky beast (moderately wounded, chance to affect: 77%)
The ball explodes into a vile cloud!
The stinking cloud engulfs the sky beast but does no damage.
The sky beast is moderately wounded.
The stinking cloud engulfs you but does no damage.
The sky beast is engulfed in noxious fumes.
The sky beast appears confused.
The sky beast hits you.
* * * LOW HITPOINT WARNING * * *
The sky beast shocks you.
* * * LOW HITPOINT WARNING * * *
Unknown command.
You barely miss the sky beast.
The sky beast is moderately wounded.
The sky beast is engulfed in noxious fumes.
The sky beast appears confused.
The sky beast hits you.
You die...

### ..# #.# #.#
###.## #>...
#.#.#### #.#.##@#
#...##Y#
####...##☼#
#......##.#####.
#.......~........
#.......##.#######
#.......##.#
#.......##.#
#.......##.#


You could see a sky beast (confused).

Vanquished Creatures
  2 sky beasts (D:6)
  An ogre (D:4)
  2 bullfrogs (D:6)
  3 scorpions
  3 killer bees (D:6)
  A jelly (D:6)
  5 hounds
  2 orc priests
  3 iguanas
  4 orc wizards
  A sleepcap (D:5)
  6 gnolls
  10 adders
  An ufetubus (D:5)
  4 dart slugs
  25 orcs
  5 bats
  3 endoplasms
  6 giant cockroaches
  4 hobgoblins
  13 kobolds
  5 quokkas
  5 ball pythons
  6 frilled lizards
  4 goblins
  5 rats
129 creatures vanquished.

Vanquished Creatures (collateral kills)
  A sleepcap (D:5)
1 creature vanquished.

Vanquished Creatures (others)
  A killer bee (D:6)
1 creature vanquished.

Grand Total: 131 creatures vanquished

Notes
Turn   | Place    | Note
-------+----------+-------------------------------------------
     0 | D:1      | pokeman the Deep Elf Hedge Wizard began the quest for the
                  | Orb.
     0 | D:1      | Reached XP level 1. HP: 10/10 MP: 7/7
   444 | D:1      | Reached XP level 2. HP: 16/16 MP: 7/9
   895 | D:1      | Found a faded altar of an unknown god.
  1306 | D:2      | Reached skill level 5 in Spellcasting
  1465 | D:2      | Reached XP level 3. HP: 20/20 MP: 4/11
  1469 | D:2      | Learned a level 3 spell: Mephitic Cloud
  1472 | D:2      | Learned a level 2 spell: Call Imp
  1475 | D:2      | Learned a level 2 spell: Blink
  1630 | D:2      | Reached skill level 1 in Fighting
  1630 | D:2      | Reached skill level 1 in Armour
  2228 | D:2      | Found Tiliupha's General Store.
  2232 | D:2      | Bought a scroll of blinking for 82 gold pieces
  2440 | D:3      | Found a shadowy altar of Dithmenos.
  2480 | D:3      | Reached XP level 4. HP: 25/25 MP: 8/13
  2628 | D:3      | Found a stormy altar of Qazlal.
  2629 | D:3      | Noticed a water elemental
  2630 | D:3      | Noticed a fire elemental
  2630 | D:3      | Noticed an earth elemental
  2630 | D:3      | Noticed an air elemental
  2664 | D:3      | Reached XP level 5. HP: 16/29 MP: 11/15
  2667 | D:3      | Reached skill level 6 in Spellcasting
  3028 | D:3      | Found a faded altar of an unknown god.
  3029 | D:3      | Found a faded altar of an unknown god.
  3053 | D:3      | Found a hazy altar of Hepliaklqana.
  3223 | D:4      | Reached skill level 1 in Shields
  3282 | D:4      | Noticed an ogre
  3428 | D:4      | Killed an ogre
  3429 | D:4      | Reached XP level 6. HP: 34/34 MP: 7/17
  3495 | D:4      | Reached skill level 7 in Spellcasting
  3495 | D:4      | Reached skill level 1 in Air Magic
  4024 | D:4      | Found Ynuxoiran's Weapon Boutique.
  4079 | D:4      | Reached skill level 1 in Poison Magic
  4079 | D:4      | Reached skill level 1 in Evocations
  4149 | D:4      | Found a one-way gate to the infinite horrors of the Abyss.
  4164 | D:4      | Identified the +7 short sword of Lexoashu {vamp, Str+2}
  4611 | D:4      | Found a large runed translucent door.
  4612 | D:4      | Found a large runed translucent door.
  4650 | D:4      | Found a corrupted altar of Lugonu.
  5013 | D:5      | Entered Level 5 of the Dungeon
  5013 | D:5      | Found Galept's Armour Shop.
  5106 | D:5      | Reached skill level 1 in Ice Magic
  5106 | D:5      | Reached XP level 7. HP: 38/38 MP: 14/20
  5111 | D:5      | Reached skill level 1 in Necromancy
  5171 | D:5      | Found The Oracle's Delphic Readings.
  5181 | D:5      | Learned a level 4 spell: Iskenderun's Mystic Blast
  5187 | D:5      | Learned a level 5 spell: Lee's Rapid Deconstruction
  5190 | D:5      | Bought a scroll of identify for 28 gold pieces
  5190 | D:5      | Bought a scroll of teleportation for 42 gold pieces
  5190 | D:5      | Bought a scroll of noise for 14 gold pieces
  5196 | D:5      | Found Kuhec's Antique Weapon Boutique.
  5272 | D:5      | Reached skill level 8 in Spellcasting
  5403 | D:5      | Found an ancient bone altar of Kikubaaqudgha.
  5522 | D:5      | HP: 1/38 [sleepcap (21)]
  5889 | D:5      | Found a shimmering blue altar of Sif Muna.
  6212 | D:6      | Found an opulent altar of Gozag.
  6264 | D:6      | Reached skill level 1 in Earth Magic
  6363 | D:6      | Reached XP level 8. HP: 44/44 MP: 18/22
  6369 | D:6      | Reached skill level 9 in Spellcasting
  6570 | D:6      | Found an ornate altar of the Wu Jian Council.
  6785 | D:6      | Found a runed translucent gate.
  6786 | D:6      | Found a runed translucent gate.
  6786 | D:6      | Found a runed translucent gate.
  6787 | D:6      | Noticed liarliar's ghost (novice AtWn)
  6788 | D:6      | Noticed knightboat's ghost (novice TeAE)
  6996 | D:6      | Reached skill level 5 in Conjurations
  7255 | D:7      | Slain by a sky beast

Illustrated notes

Levels and vault maps discovered:
D:1:      noname_arrival_rooms_in_the_neighbourhood, layout_basic,
          hellmonk_ecumenical_altar_pennies_from_heaven, minivault_25,
          st_stairs_4
D:2:      layout_basic, serial_shops, shop, nicolae_elevator_lobby_asterisk
D:3:      layout_rooms, nicolae_qazlal_style_of_elements,
          nicolae_hepliaklqana_ecumenical_no_more, grunt_dithmenos_smoke,
          hex_tiny, minmay_fractal_squares_diagonal_5
D:4:      due_chaos_kobolds, layout_layer_cave, dreamdust_mushroom_princess,
          minmay_hedge_maze, nicolae_inconvenience_store
D:5:      layout_layer_cave, tgw_sif, old_standard_altar, serial_shops, shop,
          minmay_misc_feat_tower, nicolae_stop_n_shop_1,
          nicolae_nh_oracle_at_delphi
D:6:      layout_rooms, pdpol_wu_jian_five_deadly_venoms,
          grunt_gozag_breadcrumbs, gammafunk_ghost_cemetery, item_on_display_a
D:7:      minmay_s_stair_smasher, layout_basic, xom_butterflies,
          mainiacjoe_overflow_tiny_flanked, temple_fountains, uniq_maggie

Skill      XL: |  1  2  3  4  5  6  7  8 |
---------------+-------------------------+-----
Spellcasting   | 5 6 7 8 9 |  9.9
Fighting       | 1 2 |  2.5
Armour         | 1 |  1.3
Conjurations   | 2 3 4 5 |  5.1
Dodging        | 3 |  3.0
Shields        | 1 |  1.2
Stealth        | 3 |  3.2
Air Magic      | 1 |  1.1
Poison Magic   | 1 |  1.0
Evocations     | 1 |  1.0
Ice Magic      | 1 2 |  2.0
Necromancy     | 1 |  1.1
Earth Magic    | 1 2 |  2.7
Summonings     | |  1.1
Translocations | |  1.1

Action                     |  1- 3 |  4- 6 |  7- 9 || total
---------------------------+-------+-------+-------++-------
  Melee: Dagger            |     2 |       |       ||     2
         Short sword       |       |    52 |    49 ||   101
   Cast: Magic Dart        |   100 |   100 |   115 ||   315
         Mephitic Cloud    |       |     9 |     8 ||    17
         Blink             |       |       |     3 ||     3
         Call Imp          |       |       |     3 ||     3
   Stab: Confused          |       |     5 |     3 ||     8
 Armour: Robe              |     5 |    11 |     8 ||    24
  Dodge: Dodged            |    15 |    33 |    49 ||    97

Table legend: (Time is in decaauts)
 A = Elapsed time spent in this place.
 B = Non-inter-level travel time spent in this place.
 C = Inter-level travel time spent in this place.
 D = Time resting spent in this place.
 E = Time spent auto-exploring this place.
 F = Levels seen in this place.
 G = Mean time per level.
                   A        B        C        D        E       F      G
               +--------+--------+--------+--------+--------+-----+--------+
         Total |   7256 |   7094 |    162 |    198 |   5990 |   7 | 1036.6 |
       Dungeon |   7256 |   7094 |    162 |    198 |   5990 |   7 | 1036.6 |
               +--------+--------+--------+--------+--------+-----+--------+

Top non-repeatable levels by time:
     D:4: 1737 daAuts
     D:2: 1326 daAuts
     D:5: 1186 daAuts
     D:1: 1114 daAuts
     D:6: 1018 daAuts
     D:3: 839 daAuts
     D:7: 34 daAuts
